 Dungeon Crawl Stone Soup version 0.31.0-32-g396128a36d (webtiles) character file.

Game seed: 8291575272465046576

56 Doomgape the Ducker (level 3, -1/18 HPs)
             Began as a Felid Shapeshifter on Mar 10, 2024.
             Was an Initiate of Trog.
             Slain by an orc
             ... wielding a +0 short sword
              (3 damage)
             ... on level 4 of the Dungeon.
             The game lasted 00:04:43 (1937 turns).

Doomgape the Ducker (Felid Shapeshifter)            Turns: 1937, Time: 00:04:43

Health: -1/18      AC:  1    Str: 12    XL:     3   Next: 71%
Magic:  4/4        EV: 18    Int: 11    God:    Trog [......]
Gold:   274        SH:  0    Dex: 15    Spells: 2/2 levels left
                                        Lives:  0   Deaths: 1

rFire   . .          .
                       - Unarmed
rCold   x . .        (shield unavailable)
rNeg    . . .        (body armour unavailable)
rPois   +            (helmet unavailable)
rElec   .            (cloak unavailable)
rCorr   .            (gloves unavailable)
SInv    +            (boots unavailable)
Will    .....        (no amulet)
Stlth   +            (no ring)
HPRegen 0.23/turn    (no ring)
MPRegen 0.09/turn

%: no passive effects
@: beast-form
A: beast (slay +1), very small, claws 1, fangs 3, see invisible, shaggy fur 1,
stealthy paws, no weapons or thrown items, no armour, multi-lived, dopey 1,
poison resistance, cold vulnerability 1
a: Begin Untransformation, Renounce Religion


You were on level 4 of the Dungeon.
You worshipped Trog.
Trog was noncommittal.
You were a hulking beast.
You visited 1 branch of the dungeon, and saw 4 of its levels.

You collected 274 gold pieces.

Inventory:

Talismans
 b - a beast talisman
 c - a flux talisman
Scrolls
 d - 2 scrolls of identify
 h - 2 scrolls of enchant weapon {unknown}
 j - a scroll of revelation {unknown}
 k - a scroll of poison {unknown}
Potions
 a - 2 potions of lignification
 e - a potion of haste
 i - a potion of enlightenment


   Skills:
 + Level 2.0 Fighting
 + Level 3.5 Dodging
 + Level 3.4 Unarmed Combat
 + Level 3.1 Shapeshifting


You had 2 spell levels left.
You didn't know any spells.
Your spell library contained the following spells:

 Spells                   Type           Power      Damage    Failure   Level
 Kiss of Death            Conj/Necr      0%         2d5       34%         1
 Confusing Touch          Hex            0%         N/A       71%         3
 Dispel Undead            Necr           0%         3d6       98%         4


Dungeon Overview and Level Annotations

Branches:
Dungeon (4/15)
 Temple: D:4-7

Altars:
Cheibriados
Trog

Annotations:
D:4 Eustachio


Innate Abilities, Weirdness & Mutations

You are a hulking beast.
Your limbs bulge with bestial killing power. (Slay +1)
You have sharp claws.
You have razor-sharp teeth.
You have supernaturally acute eyesight. (SInv)
You are covered in fur. (AC +1)
Your paws help you pounce on unaware monsters.
You are incapable of wielding weapons or throwing items.
You cannot wear armour.
You gain extra lives every three experience levels.
You are dopey. (Int -2)
Your system is resistant to poisons. (rPois)
You are vulnerable to cold. (rC-)


Message History

The orc wizard casts a spell.
The orc wizard flickers and vanishes for a moment.
You barely miss the orc.
The orc is moderately wounded.
The orc hits you with a +0 flail!
Ouch! That really hurt!
You scratch the orc.
The orc is severely wounded.
You scratch the orc.
You kill the orc!
Trog accepts your kill.
Your Fighting skill increases to level 2!
You scratch the orc wizard.
The orc wizard is lightly wounded.
The orc wizard hits you with a +0 dagger.
You scratch the orc wizard but do no damage.
You bite the orc wizard.
The orc wizard is lightly wounded.
The orc wizard hits you with a +0 dagger.
* * * LOW HITPOINT WARNING * * *
A quokka comes into view.
Unknown command.
You feel better.
The orc wizard hits you with a +0 dagger.
You barely miss the orc wizard.
The orc wizard is lightly wounded.
The orc wizard points at you and mumbles some strange words.
The magic dart hits you.
* * * LOW HITPOINT WARNING * * *
Unknown command.
You barely miss the orc wizard.
The orc wizard is lightly wounded.
The orc wizard completely misses you.
You scratch the orc wizard. Your bite misses the orc wizard.
The orc wizard is moderately wounded.
You barely miss the orc. You scratch the orc.
The orc is heavily wounded.
The orc hits you with a +0 short sword.
You die...

#..# #.<. ####..# #.....#
#.....# #........
#...o##.# #### #o##.#
#.... #####h##.# #....
#.....##.# #....
#.######.#########.... #.#
###.........).... #####.#
#................
#...#.####.#..............
#.#.#....#.#..............
#.#.####.#.#..............
#.#......#.#......####....


You could see an orc wizard (invisible) and an orc.

Vanquished Creatures
  An adder (D:3)
  3 orcs
  4 ball pythons
  3 bats
  5 endoplasms
  2 giant cockroaches (D:2)
  6 goblins
  4 hobgoblins
  2 kobolds
  2 quokkas (D:1)
  2 frilled lizards (D:1)
  3 rats (D:1)
37 creatures vanquished.

Notes
Turn   | Place    | Note
-------+----------+-------------------------------------------
     0 | D:1      | Doomgape the Felid Shapeshifter began the quest for the
                  | Orb.
     0 | D:1      | Reached XP level 1. HP: 10/10 MP: 2/2
    83 | D:1      | Found a faded altar of an unknown god.
   152 | D:1      | Reached XP level 2. HP: 14/14 MP: 3/3
   998 | D:2      | Reached XP level 3. HP: 18/18 MP: 4/4
  1407 | D:3      | Found a bloodstained altar of Trog.
  1473 | D:3      | Became a worshipper of Trog the Wrathful
  1663 | D:3      | Found a snail-covered altar of Cheibriados.
  1793 | D:4      | Noticed Eustachio
  1793 | D:4      | Noticed a scorpion
  1807 | D:4      | Slain by Eustachio
  1807 | D:4      | Lost a life (0 lives remaining)
  1861 | D:4      | Gained mutation: You are vulnerable to cold. (rC-) [potion
                  | of mutation]
  1861 | D:4      | Gained mutation: Your system is resistant to poisons.
                  | (rPois) [potion of mutation]
  1861 | D:4      | Gained mutation: You are dopey. (Int -2) [potion of
                  | mutation]
  1937 | D:4      | Slain by an orc

Illustrated notes

Levels and vault maps discovered:
D:1:      dpeg_arrival_simpleton_b, layout_rooms,
          chequers_ecumenical_altar_island
D:2:      layout_loops_corners, minmay_misc_feat_alley, minmay_misc_feat_plants,
          minmay_gold_behind_fungi
D:3:      layout_basic, mainiacjoe_overflow_alcove_1, lemuel_crystal_altar
D:4:      layout_basic, serial_shops, nicolae_shop_tiny_waterfront,
          uniq_eustachio

Skill      XL: |  1  2  3 |
---------------+----------+-----
Dodging        | 3 |  3.5
Shapeshifting  | 3 |  3.1
Fighting       | 2 |  2.0
Unarmed Combat | |  3.4

Action                     || total
---------------------------++-------
  Melee: Unarmed           ||    95
         Punch             ||     4
         Bite              ||    12
    Use: Scroll            ||     4
         Potion            ||     3
   Stab: Sleeping          ||     3
 Armour: Skin              ||    39
  Dodge: Dodged            ||    50
